 Dungeon Crawl Stone Soup version 0.31-a0-4-gefa6de2278 (webtiles) character file.

Game seed: 16766101171880215514

70511 jasper the Lord of Darkness (level 14, -2/124 HPs)
             Began as a White Draconian Earth Elementalist on May 4, 2023.
             Was the Champion of Kikubaaqudgha.
             Slain by a red devil
             ... wielding a +0 trident
             ... summoned by an obsidian statue
              (14 damage)
             ... on level 5 of the Lair of Beasts.
             The game lasted 01:02:40 (28619 turns).

jasper the Lord of Darkness (DrEE)                 Turns: 28619, Time: 01:02:40

Health: -2/124     AC:  7    Str: 15    XL:     14   Next: 94%
Magic:  21/26      EV: 15    Int: 20    God:    Kikubaaqudgha [******]
Gold:   129        SH: 11    Dex: 12    Spells: 6/29 levels left

rFire   . . .        A - staff of death
rCold   + . .        i - +1 buckler
rNeg    + . .        (body armour unavailable)
rPois   .            (helmet restricted)
rElec   +            M - +0 cloak
rCorr   .            p - +0 pair of gloves
SInv    .            F - +0 pair of boots
Will    +....        C - amulet of reflection
Stlth   ++           q - +4 ring of protection
HPRegen 0.40/turn    v - ring "Riphavas" {Drain rElec AC+4 Str+4}
MPRegen 0.20/turn

%: reflection
@: lethally poisoned (-2 -> -6), about to teleport, short of breath, spiked,
corroded, very slightly contaminated
A: breathe frost, AC +8, unfitting armour, cold resistance 1, cold-blooded
a: Breathe Frost, Renounce Religion, Unearth Wretches, Torment, Brand Weapon
With Pain, Receive Forbidden Knowledge


You were on level 5 of the Lair of Beasts.
You worshipped Kikubaaqudgha.
Kikubaaqudgha was exalted by your worship.
You visited 3 branches of the dungeon, and saw 18 of its levels.
You also visited: Bailey and Ice Cave.

You collected 1770 gold pieces.
You spent 1641 gold pieces at shops.

Inventory:

Hand Weapons
 a - a +1 spectral morningstar
 c - a +0 hand axe
 j - a +2 flail of protection
 o - a +2 heavy shortbow
Armour
 h - an orb of mayhem
 i - a +1 buckler (worn)
 p - a +0 pair of gloves (worn)
 F - a +0 pair of boots (worn)
 M - a +0 cloak (worn)
Magical Staves
 A - a staff of death (weapon)
Jewellery
 b - a ring of resist corrosion
 d - an amulet of the acrobat
 e - a +5 ring of evasion
 g - a +6 ring of dexterity
 q - a +4 ring of protection (left hand)
 u - a +5 ring of evasion
 v - the ring "Riphavas" (right hand) {Drain rElec AC+4 Str+4}
   (You found it on level 4 of the Dungeon)

   [ring of protection]

   AC:        It affects your AC (+4).
   Str:       It affects your strength (+4).
   rElec:     It insulates you from electricity.
   Drain:     It drains your maximum health when unequipped.
 C - an amulet of reflection (around neck)
 P - the ring of Moderation {rF+ rC- Int+5 Dex+4}
   (You bought it in a shop on level 1 of the Orcish Mines)

   [ring of protection from fire]

   Int:       It affects your intelligence (+5).
   Dex:       It affects your dexterity (+4).
   rF:        It protects you from fire.
   rC:        It makes you vulnerable to cold.
 Q - the amulet "Becse Cemis" {Spirit rN+}
   (You found it on level 3 of the Lair of Beasts)

   [amulet of guardian spirit]

   It causes incoming damage to be divided between your reserves of health and
   magic.
   rN:        It protects you from negative energy.
 S - a ring of flight
Wands
 y - a wand of flame (9)
 K - a wand of paralysis (15)
 T - a wand of iceblast (5)
Scrolls
 r - a scroll of noise
 s - 2 scrolls of immolation
 t - 4 scrolls of fear
 E - 3 scrolls of poison
 I - 4 scrolls of teleportation
 L - 2 scrolls of vulnerability
 N - a scroll of amnesia
 O - a scroll of fog
 U - a scroll of identify
Potions
 f - a potion of curing
 k - 4 potions of resistance
 l - 2 potions of cancellation
 m - 4 potions of mutation
 n - 6 potions of might
 w - 2 potions of lignification
 x - 7 potions of brilliance
 z - 3 potions of ambrosia
 B - 3 potions of degeneration
 D - 5 potions of flight
 G - 2 potions of haste
 H - 2 potions of attraction {unknown}
 J - a potion of magic
 R - a potion of berserk rage {unknown}


   Skills:
 + Level 11.1 Fighting
 + Level 9.6 Dodging
 - Level 1.7 Stealth
 - Level 4.0 Shields
 + Level 8.0 Spellcasting
 - Level 9.0 Conjurations
 * Level 13.2 Necromancy
 - Level 1.0 Transmutations
 - Level 12.0 Ice Magic
 - Level 6.0 Air Magic
 - Level 8.1 Earth Magic


You had 6 spell levels left.
You knew the following spells:

 Your Spells              Type           Power      Damage    Failure   Level
a - Borgnjor's Vile Clut  Necr/Erth      33%        N/A       3%          5
b - Passwall              Tmut/Erth      21%        N/A       2%          2
c - Stone Arrow           Conj/Erth      84%        3d12      1%          3
d - Sublimation of Blood  Necr           75%        N/A       1%          2
e - Simulacrum            Ice/Necr       36%        N/A       10%         6
f - Freezing Cloud        Conj/Ice/Air   22%        6-21      8%          5

Your spell library contained the following spells:

 Spells                   Type           Power      Damage    Failure   Level
 Kiss of Death            Conj/Necr      100%       2d13      1%          1
 Necrotise                Necr           100%       1d9       1%          1
 Sandblast                Erth           80%        2d17      1%          1
 Ensorcelled Hibernation  Hex/Ice        64%        N/A       1%          2
 Hailstorm                Conj/Ice       50%        3d11      1%          3
 Vampiric Draining        Necr           75%        2d11      1%          3
 Agony                    Necr           75%        N/A       1%          5
 Poisonous Vapours        Pois/Air       40%        N/A       4%          2
 Mephitic Cloud           Conj/Pois/Air  28%        N/A       4%          3
 Beastly Appendage        Tmut           24%        N/A       7%          1
 Death Channel            Necr           37%        N/A       7%          6
 Wereblood                Tmut           12%        N/A       11%         2
 Petrify                  Tmut/Erth      26%        N/A       16%         4
 Flame Wave               Conj/Fire      26%        2d8       17%         4
 Sticky Flame             Conj/Fire      26%        2d5       17%         4
 Spider Form              Tmut/Pois      10%        N/A       26%         3
 Inner Flame              Hex/Fire       8%         N/A       32%         3
 Irradiate                Conj/Tmut      14%        3d16      36%         5
 Silence                  Hex/Air        10%        N/A       65%         5
 Manifold Assault         Tloc           8%         N/A       71%         4
 Passage of Golubria      Tloc           8%         N/A       71%         4
 Blade Hands              Tmut           6%         N/A       89%         5
 Dispersal                Tloc           4%         N/A       100%        6
 Dragon Form              Tmut           6%         N/A       100%        7
 Summon Hydra             Summ           4%         N/A       100%        7
 Disjunction              Tloc           4%         N/A       100%        8
 Lehudib's Crystal Spear  Conj/Erth      21%        10d6      100%        8


Dungeon Overview and Level Annotations

Branches:
Dungeon (11/15)              Lair (5/5) D:8          Shoals (0/4) Lair:3
 Spider (0/4) Lair:3        Slime (0/5) Lair:4          Orc (2/2) D:10
    Elf (0/3) Orc:2        Bailey (visited)           IceCv (visited)
 Temple: D:4-7

Altars:
Cheibriados
Elyvilon
Fedhas
Hepliaklqana
Kikubaaqudgha
Okawaru
Qazlal
Trog
Xom
Zin

Shops:
D:2 *   D:6 :   D:9 =   D:10 [   Orc:1 *?=?(   Orc:2 ([([

Annotations:
D:4 Dowan, Duvessa
Lair:1 2 runed translucent doors, Mihiasuf's ghost, journeyman MeEE
Lair:4 1 runed translucent door
Lair:5 exclusion: obsidian statue


Innate Abilities, Weirdness & Mutations

You can breathe waves of freezing cold which knock back foes.
Your icy white scales are hard. (AC +8)
You cannot fit into any form of body armour.
Your flesh is cold resistant. (rC+)
You are cold-blooded and may be slowed by cold attacks.


Message History

The puff of frost hits you. You resist.
* * * LOW HITPOINT WARNING * * *
Your black mamba simulacrum completely misses the hellwing.
You take 47 damage, and have 28/124 hp.
MASSIVE DAMAGE!!
MP restored: 26
Casting: Sublimation of Blood (safe; 1% risk of failure)
Confirm with . or Enter, or press ? or * to list all spells.
Aiming: Freezing Cloud (dangerous; 8% risk of failure)
Press: ? - help, Dir - move target, f - obsidian statue
Aim: an obsidian statue (severely damaged) That beam is likely to hit you.
Continue anyway?
You miscast Freezing Cloud.
You are very lightly contaminated with residual magic.
Nothing appears to happen.
You feel sick.
The obsidian statue's eyes glow briefly.
Your black mamba simulacrum bites the hellwing but does no damage.
Your cane toad simulacrum hits the hellwing.
Your cane toad simulacrum freezes the hellwing!
The hellwing hits your black mamba simulacrum.
Your black mamba simulacrum vaporises!
The white imp is engulfed in freezing vapours.
The white imp hits you but does no damage.
You block the red devil's attack.
The red devil hits you with a +0 trident!
* * * LOW HITPOINT WARNING * * *
Barbed spikes become lodged in your body.
You take 13 damage, and have 15/124 hp.
You now have 21/26 mp.
Okay, then.
As you read the scroll of teleportation, it crumbles to dust.
You feel strangely unstable.
You feel sick.
Your cane toad simulacrum misses the hellwing.
The white imp is engulfed in freezing vapours.
The white imp hits you.
* * * LOW HITPOINT WARNING * * *
The white imp freezes you. You resist.
* * * LOW HITPOINT WARNING * * *
You block the red devil's attack.
The red devil hits you from afar with a +0 trident!
You die...
Kikubaaqudgha rasps: "You have failed me!
Welcome... death!"

## ####
##.##..##♣♣
##.P....P.4♣♣
#........Z§@♣.#
...#...†#..454#
#''####♣♣.§5#
#..8# ♣8♣#
#..P# +##
####.#.# )##
#####
####....#+# ##
#...# #....####
## ##..#
###.#### ##.##


You could see an obsidian statue, a hellwing (summoned, ally target), 2 red
devils, an iron imp (summoned), a white imp (summoned) and a friendly cane toad
simulacrum.

Vanquished Creatures
  Nessos (Lair:4)
  Josephine (D:11)
  A hydra (Lair:3)
  An ogre mage (Orc:2)
  Erolcha (Orc:1)
  3 catoblepae
  6 two-headed ogres
  3 orc high priests (Orc:2)
  Urug (Lair:4)
  3 skysharks
  5 orc knights
  A deep elf pyromancer (D:9)
  A wolf spider (Lair:3)
  A cyclops (D:11)
  4 orc sorcerers
  22 elephants
  Maggie (D:8)
  5 black mambas
  A water nymph (Lair:3)
  5 gargoyles
  14 cane toads
  A torpor snail (Lair:3)
  An unseen horror (D:10)
  4 rime drakes
  6 komodo dragons
  A freezing wraith (IceCv)
  2 hornets
  2 polar bears (Lair:4)
  7 trolls
  3 dream sheep (Lair:3)
  16 blink frogs
  A spectral elephant (Lair:5)
  Grinder (D:4)
  A slime creature (D:9)
  Sigmund (D:5)
  34 yaks
  3 shadows
  5 wraiths
  3 culicivoras (Lair:3)
  3 vampires
  4 basilisks
  9 wyverns
  2 steam dragons
  3 death yak simulacra
  4 wargs
  2 spectral cane toads (Lair:5)
  An acid dragon (D:11)
  15 water moccasins
  2 ice beasts (D:8)
  18 orc warriors
  2 sky beasts (D:7)
  A black bear (D:6)
  10 ogres
  22 wolves
  An elephant skeleton (Lair:5)
  5 centaurs
  2 phantoms (D:6)
  2 kobold brigands
  11 bullfrogs
  3 scorpions
  2 cane toad simulacra
  21 wights
  An elephant simulacrum (IceCv)
  16 killer bees
  4 howler monkeys
  A troll skeleton (D:10)
  6 vampire bats (Bailey)
  5 spriggan skeletons (D:10)
  7 wolf zombies (Bailey)
  18 orc priests
  A hound (D:6)
  A jelly (D:5)
  A gnoll bouda (D:7)
  3 iguanas
  21 orc wizards
  4 sleepcaps (D:5)
  4 hell rats (Lair:2)
  A polar bear simulacrum (IceCv)
  A wolf simulacrum (IceCv)
  4 gnolls (D:7)
  17 adders
  2 ufetubi
  A worm (D:2)
  3 dart slugs (D:1)
  57 orcs
  7 endoplasms
  4 giant cockroaches
  7 hobgoblins
  6 jackals
  6 quokkas
  10 ball pythons
  3 bats (D:3)
  A frilled lizard (D:1)
  6 goblins
  10 kobolds
  21 orc zombies (Bailey)
  A rat (D:2)
579 creatures vanquished.

Vanquished Creatures (collateral kills)
  An orc knight (Orc:2)
  6 elephants (Lair:4)
  A black mamba (Lair:4)
  2 cane toads
  A komodo dragon (Lair:5)
  A polar bear (Lair:5)
  A dream sheep (Lair:3)
  4 blink frogs (Lair:4)
  6 yaks
  2 orc warriors (Orc:2)
  2 ogres (Orc:2)
  2 wolves (Lair:3)
  2 orc priests (Orc:2)
  2 orc wizards (Orc:2)
  An adder (Lair:3)
  7 orcs
  A plant (Lair:4)
42 creatures vanquished.

Vanquished Creatures (others)
  A blink frog (Lair:5)
  A sky beast (D:8)
  2 bushes (Lair:3)
  64 fungi
  113 plants
  15 withered plants (Lair:5)
196 creatures vanquished.

Grand Total: 817 creatures vanquished

Notes
Turn   | Place    | Note
-------+----------+-------------------------------------------
     0 | D:1      | jasper the Draconian Earth Elementalist began the quest for
                  | the Orb.
     0 | D:1      | Reached XP level 1. HP: 14/14 MP: 3/3
   288 | D:1      | Found a faded altar of an unknown god.
   310 | D:1      | Reached XP level 2. HP: 20/20 MP: 1/5
   313 | D:1      | Learned a level 2 spell: Passwall
  1174 | D:2      | Reached XP level 3. HP: 26/26 MP: 1/6
  1178 | D:2      | Learned a level 3 spell: Stone Arrow
  1244 | D:2      | Found Biymecip's General Store.
  1740 | D:2      | Bought a potion of heal wounds for 55 gold pieces
  1785 | D:3      | Identified the +5 ring mail "Diejufil" {rF+ Regen+}
  2191 | D:3      | Reached skill level 5 in Earth Magic
  2191 | D:3      | Reached XP level 4. HP: 33/33 MP: 2/7
  2851 | D:4      | Noticed Duvessa
  2851 | D:4      | Noticed Dowan
  3480 | D:4      | Found a hazy altar of Hepliaklqana.
  3481 | D:4      | Found a shimmering altar of Xom.
  3482 | D:4      | Noticed a spectral ugly thing
  3482 | D:4      | Noticed an ogre
  3497 | D:4      | Reached XP level 5. HP: 38/38 MP: 3/8
  3500 | D:4      | Learned a level 2 spell: Sublimation of Blood
  3546 | D:4      | Identified the ring "Riphavas" {Drain rElec AC+4 Str+4}
  3564 | D:4      | Noticed Grinder
  3579 | D:4      | Paralysed by Grinder for 4 turns
  3582 | D:4      | HP: 1/38 [Grinder (1)]
  3587 | D:4      | Killed Grinder
  3588 | D:4      | Reached XP level 6. HP: 12/45 MP: 1/9
  4272 | D:5      | Entered Level 5 of the Dungeon
  4561 | D:5      | Your scales start taking on an icy white colour.
  4561 | D:5      | Reached XP level 7. HP: 50/50 MP: 5/10
  4561 | D:5      | Gained mutation: Your flesh is cold resistant. (rC+) [White
                  | Draconian growth]
  4709 | D:5      | Noticed Sigmund
  4715 | D:5      | Killed Sigmund
  4915 | D:5      | Found an ancient bone altar of Kikubaaqudgha.
  4941 | D:5      | Found an iron altar of Okawaru.
  5004 | D:5      | Reached skill level 5 in Conjurations
  5083 | D:5      | Reached XP level 8. HP: 57/57 MP: 6/11
  5530 | D:5      | Became a worshipper of Kikubaaqudgha
  5749 | D:6      | Reached skill level 1 in Fighting
  5749 | D:6      | Reached skill level 1 in Shields
  5749 | D:6      | Reached skill level 1 in Necromancy
  5800 | D:6      | Found Lyuceuw's Book Shoppe.
  6140 | D:7      | Reached skill level 2 in Necromancy
  6267 | D:7      | Reached * piety under Kikubaaqudgha
  6267 | D:7      | Received a gift from Kikubaaqudgha
  6278 | D:7      | Learned a level 3 spell: Vampiric Draining
  6514 | D:7      | Reached XP level 9. HP: 69/69 MP: 9/12
  6529 | D:7      | Reached skill level 3 in Necromancy
  6799 | D:8      | Reached skill level 4 in Necromancy
  6926 | D:8      | Noticed a rime drake
  6927 | D:8      | Reached skill level 5 in Fighting
  6931 | D:8      | Reached ** piety under Kikubaaqudgha
  6946 | D:8      | Killed a rime drake
  6947 | D:8      | Reached skill level 5 in Dodging
  6959 | D:8      | Reached skill level 5 in Necromancy
  7026 | D:8      | Noticed Maggie
  7118 | D:6      | Bought the Anthology of Hoarfrost for 338 gold pieces
  7182 | D:7      | Reached XP level 10. HP: 79/83 MP: 1/13
  7272 | D:8      | Killed Maggie
  7370 | D:8      | Found a bloodstained altar of Trog.
  7684 | D:8      | Found a staircase to the Lair.
  7826 | D:8      | Found a snail-covered altar of Cheibriados.
  7826 | D:8      | Found a blossoming altar of Fedhas.
  7827 | D:8      | Found a stormy altar of Qazlal.
  7831 | D:8      | Reached skill level 5 in Spellcasting
  7846 | D:8      | Learned a level 5 spell: Freezing Cloud
  7976 | D:8      | Noticed a gargoyle
  7979 | D:8      | Killed a gargoyle
  7980 | D:8      | Reached skill level 1 in Ice Magic
  7980 | D:8      | Reached skill level 1 in Air Magic
  8041 | D:8      | Noticed a two-headed ogre
  8047 | D:8      | Killed a two-headed ogre
  8299 | D:9      | Found Opeu's Jewellery Emporium.
  8407 | D:9      | Reached *** piety under Kikubaaqudgha
  8407 | D:9      | Received a gift from Kikubaaqudgha
  8499 | D:9      | Found a flagged portal.
  8516 | Bailey   | Entered a bailey
  8709 | Bailey   | Noticed a gargoyle
  8715 | Bailey   | Killed a gargoyle
  8868 | Bailey   | Identified the +4 shortbow "Wofeawn" {freeze, rCorr}
  9088 | Bailey   | Reached **** piety under Kikubaaqudgha
  9389 | D:9      | Noticed a two-headed ogre
  9391 | D:9      | Reached XP level 11. HP: 89/89 MP: 12/19
  9398 | D:9      | Killed a two-headed ogre
  9399 | D:9      | Reached skill level 5 in Ice Magic
  9573 | D:9      | Noticed a deep elf pyromancer
  9576 | D:9      | Killed a deep elf pyromancer
  9603 | D:9      | Noticed a deep troll
  9877 | D:10     | Entered Level 10 of the Dungeon
  9881 | D:10     | Reached skill level 5 in Air Magic
 10141 | D:10     | Found a staircase to the Orcish Mines.
 10339 | D:10     | Noticed a two-headed ogre
 10345 | D:10     | Killed a two-headed ogre
 10637 | D:10     | Found a glowing silver altar of Zin.
 10911 | D:10     | Learned a level 5 spell: Borgnjor's Vile Clutch
 11078 | D:10     | Found Cusi's Armour Shoppe.
 12520 | D:11     | Noticed a two-headed ogre
 12524 | D:11     | Killed a two-headed ogre
 12525 | D:11     | Reached skill level 10 in Ice Magic
 12637 | D:11     | Reached ***** piety under Kikubaaqudgha
 12946 | D:11     | Reached XP level 12. HP: 95/95 MP: 16/20
 13038 | D:11     | Noticed Josephine
 13042 | D:11     | Killed Josephine
 13934 | Lair:1   | Entered Level 1 of the Lair of Beasts
 14208 | Lair:1   | Found a large runed translucent door.
 14208 | Lair:1   | Found a large runed translucent door.
 14209 | Lair:1   | Noticed Mihiasuf's ghost (journeyman MeEE)
 14245 | Lair:1   | Reached skill level 6 in Necromancy
 14404 | Lair:1   | Found a white marble altar of Elyvilon.
 15214 | Lair:1   | Reached skill level 7 in Necromancy
 16513 | Lair:2   | Reached skill level 8 in Necromancy
 16820 | Lair:2   | Reached XP level 13. HP: 91/105 MP: 7/22
 17388 | Lair:2   | Reached ****** piety under Kikubaaqudgha
 17989 | Lair:2   | Learned a level 6 spell: Simulacrum
 18272 | Lair:3   | Identified the amulet "Becse Cemis" {Spirit rN+}
 18416 | Lair:3   | Reached skill level 9 in Necromancy
 18686 | Lair:3   | Found a hole to the Spider Nest.
 19336 | Lair:3   | Reached skill level 10 in Necromancy
 19505 | Lair:3   | Found a staircase to the Shoals.
 20734 | Lair:4   | Noticed Nessos
 20738 | Lair:4   | Reached skill level 11 in Necromancy
 20741 | Lair:4   | Killed Nessos
 20959 | Lair:4   | Reached XP level 14. HP: 46/118 MP: 3/24
 20965 | Lair:4   | Noticed Urug
 21479 | Lair:4   | Killed Urug
 21825 | Lair:4   | Identified the +11 long sword "Tavaz" {speed, rN++ rCorr}
 21960 | Lair:4   | Reached skill level 10 in Fighting
 22225 | Lair:4   | Found a runed translucent door.
 22229 | Lair:4   | Found a staircase to the Slime Pits.
 22557 | Orc:1    | Entered Level 1 of the Orcish Mines
 22672 | Orc:1    | Noticed Erolcha
 22678 | Orc:1    | Killed Erolcha
 22816 | Orc:1    | Found Fugga's Magic Scroll Boutique.
 22821 | Orc:1    | Found Yruyrywk's General Store.
 22837 | Orc:1    | Bought a staff of death for 400 gold pieces
 22926 | Orc:2    | Entered Level 2 of the Orcish Mines
 23412 | Orc:2    | Reached skill level 12 in Necromancy
 23627 | Orc:2    | Found a staircase to the Elven Halls.
 23701 | Orc:2    | HP: 1/121 [orc priest/divine providence (12)]
 25474 | Orc:2    | Found Seint's Antique Armour Shoppe.
 25474 | Orc:2    | Found Nedus's Weapon Shop.
 25476 | Orc:2    | Found Ylausch's Antique Weapon Shop.
 25476 | Orc:2    | Found Kaeroog's Antique Armour Shoppe.
 25488 | Orc:2    | Bought a pair of boots for 139 gold pieces
 25488 | Orc:2    | Bought a cloak for 139 gold pieces
 25628 | Orc:1    | Found Riot's Jewellery Shoppe.
 25830 | Orc:1    | Bought the ring of Moderation {rF+ rC- Int+5 Dex+4} for 570
                  | gold pieces
 25876 | Orc:1    | Found Corec's Magic Scroll Shoppe.
 25878 | Orc:1    | Found Xasuxog's Weapon Shop.
 26152 | Lair:5   | Entered Level 5 of the Lair of Beasts
 26626 | Lair:5   | Found a frozen archway.
 26638 | Lair:5   | Reached skill level 13 in Necromancy
 26661 | IceCv    | Entered an ice cave
 26871 | IceCv    | Found a transporter.
 26888 | IceCv    | Found a transporter.
 28619 | Lair:5   | Slain by a red devil

Illustrated notes

Levels and vault maps discovered:
D:1:      roderic_chinese_lattice_arrival, layout_loops_corners,
          shapermc_ecumenical_altar_gd
D:2:      layout_loops_corners, serial_shops, nicolae_shop_advertising_works
          [nicolae_subvault_shop_adworks]
D:3:      layout_loops_corners, minmay_quantized
D:4:      layout_layer_cave, regret_index_temple_of_mockery, minivault_4,
          amcnicky_mini_rare_corridor_liquid, uniq_grinder, uniq_duvessa
D:5:      layout_loops_ring, jmf_multi_god_temple, nicolae_figureground_pulse,
          uniq_sigmund
D:6:      layout_rooms, serial_shops, nicolae_book_shop_shelving
D:7:      layout_rooms, minmay_temple_entry_statues_pillars
D:8:      layout_loops_cross, mainiacjoe_overflow_concentric_impassable,
          chequers_temple_overflow_statue_of_worship, hellmonk_lair_entry_icy,
          minmay_statues_item, uniq_maggie
D:9:      nzn_winding_woodlands_large [nzn_winding_woodlands_5x5_default,
          nzn_winding_woodlands_5x15_pool, nzn_winding_woodlands_5x5_three,
          nzn_winding_woodlands_center_triple_pond,
          nzn_winding_woodlands_15x15_thick_spiral,
          nzn_winding_woodlands_center_lodge, nzn_winding_woodlands_hourglass,
          nzn_winding_woodlands_5x15_crooked,
          nzn_winding_woodlands_5x5_default], layout_rooms,
          ploomutoo_gammafunk_ghost_potion_laboratory, enter_bailey_5,
          serial_shops, shop
D:10:     layout_small_grid, zin_scriptorium, david_orc_1_choice, serial_shops,
          nicolae_stop_n_shop_1, skrybe_limestone_x, hangedman_tell_no_tales
D:11:     layout_roguey, kennysheep_generic_room_7, uniq_josephine
Lair:1:   layout_cave_pods, ebering_ghost_disaster_area, basic_altar
Lair:2:   layout_loops_ring, grunt_megastairs_5
Lair:3:   minmay_lair_venomous_thicket, layout_loops_ring,
          nicolae_shoals_entry_flooding, hellmonk_spider_entry_life_and_decay
Lair:4:   layout_gridlike, slime_entry_2, lemuel_fruit_tree, grunt_megastairs_3,
          uniq_nessos, uniq_urug
Lair:5:   due_jungle_book, layout_cave_pods, portal_ice_cave_entry_pillars_2,
          st_stairs_3
Orc:1:    layout_diamond_mine, basic_altar, serial_shops, shop,
          nicolae_shop_tiny_statue_garden, shop, shop, shop, uniq_erolcha
Orc:2:    grunt_orc_tribal_feast, layout_caves, basic_altar, mines4_lemuel

Skill      XL: |  1  2  3  4  5  6  7  8  9 10 11 12 13 14 |
---------------+-------------------------------------------+-----
Earth Magic    | 4 5 7 8 |  8.1
Conjurations   | 5 6 7 9 |  9.0
Dodging        | 3 5 6 8 9 |  9.6
Fighting       | 3 5 7 9 11 | 11.1
Shields        | 2 4 |  4.0
Necromancy     | 2 5 8 11 13 | 13.2
Spellcasting   | 5 6 7 8 |  8.0
Ice Magic      | 4 10 12 | 12.0
Air Magic      | 3 6 |  6.0
Stealth        | |  1.7
Transmutations | |  1.0

Action                     |  1- 3 |  4- 6 |  7- 9 | 10-12 | 13-15 || total
---------------------------+-------+-------+-------+-------+-------++-------
  Melee: Hand axe          |     5 |     4 |       |       |       ||     9
         Tailslap          |     2 |     3 |     7 |    18 |    29 ||    59
         Flail             |       |     9 |    35 |     5 |       ||    49
         Morningstar       |       |       |       |   114 |    48 ||   162
         Staff             |       |       |       |       |    51 ||    51
  Throw: Throwing net      |       |       |       |     2 |       ||     2
   Cast: Sandblast         |    50 |    70 |   175 |   186 |       ||   481
         Vampiric Draining |       |       |     2 |    11 |       ||    13
         Sublimation of Bl |       |       |     1 |    31 |   107 ||   139
         Stone Arrow       |       |       |       |   124 |   103 ||   227
         Freezing Cloud    |       |       |       |    58 |   109 ||   167
         Borgnjor's Vile C |       |       |       |    13 |   112 ||   125
         Simulacrum        |       |       |       |       |    49 ||    49
 Invoke: Unearth Wretches  |       |       |       |       |     1 ||     1
Ability: Breathe Frost     |       |       |    14 |    18 |    22 ||    54
  Evoke: Wand              |       |       |       |       |    11 ||    11
    Use: Potion            |       |     1 |     1 |     4 |     2 ||     8
         Scroll            |       |       |     1 |    20 |    12 ||    33
 Armour: Skin              |     3 |    14 |    45 |   105 |    93 ||   260
  Dodge: Dodged            |    15 |    27 |   151 |   325 |   196 ||   714
  Block: Buckler           |       |       |    90 |   229 |   175 ||   494
         Reflection        |       |       |     5 |    10 |     8 ||    23

Table legend: (Time is in decaauts)
 A = Elapsed time spent in this place.
 B = Non-inter-level travel time spent in this place.
 C = Inter-level travel time spent in this place.
 D = Time resting spent in this place.
 E = Time spent auto-exploring this place.
 F = Levels seen in this place.
 G = Mean time per level.
                   A        B        C        D        E       F      G
               +--------+--------+--------+--------+--------+-----+--------+
         Total |  29041 |  27806 |   1235 |   1637 |  22248 |  20 | 1452.1 |
       Dungeon |  13610 |  12893 |    717 |    358 |  10643 |  11 | 1237.3 |
          Lair |  10914 |  10536 |    378 |    400 |   8855 |   5 | 2182.8 |
  Orcish Mines |   3427 |   3288 |    139 |    673 |   2099 |   2 | 1713.5 |
        Bailey |    818 |    818 |      0 |      0 |    650 |   1 |  818.0 |
      Ice Cave |    270 |    270 |      0 |    206 |      1 |   1 |  270.0 |
               +--------+--------+--------+--------+--------+-----+--------+

Top non-repeatable levels by time:
  Lair:4: 2329 daAuts
    D:10: 2329 daAuts
  Lair:1: 2285 daAuts
  Lair:5: 2200 daAuts
  Lair:3: 2112 daAuts
  Lair:2: 1987 daAuts
    D:11: 1869 daAuts
   Orc:2: 1816 daAuts
     D:8: 1778 daAuts
   Orc:1: 1611 daAuts
     D:4: 1409 daAuts
     D:5: 1322 daAuts
     D:3: 1127 daAuts
     D:1: 1113 daAuts
  Bailey: 818 daAuts
